NCAA
ARIZONA WILDCATS @ ILLINOIS FIGHTING ILLINI
04/24/2024
 
TOP OF THE 1ST
Arizona Wildcats batting - Pitching for Illinois Fighting Illini : RHP Phil Lugo
Pitching: RHP Phil Lugo
Batting: SHB José Espinoza 0-0: Bunt missed!
0-1: Ground out 1-3 (Groundball, 13S)
Batting: RHB Michael Tucker 0-0: Called Strike
0-1: Ball
1-1: Foul Ball, location: 2F
1-2: Ball
2-2: Ball
3-2: Foul Ball, location: 2F
3-2: Foul Ball, location: 2F
3-2: Fly out, F8 (Flyball, 8LM)
Batting: RHB Félix Gonzáles 0-0: Foul Ball, location: 2F
0-1: Called Strike
0-2: Ball
1-2: SOLO HOME RUN (Flyball, 9D), Distance : 368 ft
Batting: LHB Bruce Foster 0-0: Ball
1-0: DOUBLE (Line Drive, 7LM)
Batting: RHB Alvin Cates 0-0: SINGLE (Line Drive, 9LS)
Bruce Foster to third
Runner from 3rd tries for Home, SAFE, no throw or cutoff
Batting: RHB Gordon Owens 0-0: Called Strike
0-1: Called Strike
0-2: Ground out 6-3 (Groundball, 6)
Top of the 1st over - 2 run(s), 3 hit(s), 0 error(s), 1 left on base; Arizona 2 - Illinois 0
BOTTOM OF THE 1ST
Illinois Fighting Illini batting - Pitching for Arizona Wildcats : RHP Carl Willis
Pitching: RHP Carl Willis
Batting: RHB Michael Jones 0-0: Called Strike
0-1: Foul Ball, location: 2F
0-2: Ball
1-2: Foul Ball, location: 2F
1-2: Ball
2-2: Ball
3-2: Foul Ball, location: 2F
3-2: Strikes out swinging
Batting: RHB Brandon Berry 0-0: Foul Ball, location: 2F
0-1: Ball
1-1: Foul Ball, location: 2F
1-2: Strikes out looking
Batting: RHB Buddy Griffin 0-0: Ground out 1-3 (Groundball, 23)
Bottom of the 1st over - 0 run(s), 0 hit(s), 0 error(s), 0 left on base; Arizona 2 - Illinois 0
TOP OF THE 2ND
Arizona Wildcats batting - Pitching for Illinois Fighting Illini : RHP Phil Lugo
Batting: RHB Miguel Gonzáles 0-0: Foul Ball, location: 2F
0-1: Foul Ball, location: 2F
0-2: Ball
1-2: Foul Ball, location: 2F
1-2: Ball
2-2: Strikes out swinging
Batting: RHB Gabriel Vázquez 0-0: Ground out 5-3 (Groundball, 56)
Batting: RHB Jordan Moore 0-0: Fly out, F9 (Flyball, 9M)
Top of the 2nd over - 0 run(s), 0 hit(s), 0 error(s), 0 left on base; Arizona 2 - Illinois 0
BOTTOM OF THE 2ND
Illinois Fighting Illini batting - Pitching for Arizona Wildcats : RHP Carl Willis
Batting: RHB Clinton Barton 0-0: Foul Ball, location: 2F
0-1: Ball
1-1: Called Strike
1-2: Ball
2-2: Ball
3-2: Fly out, F9 (Flyball, 9LM)
Batting: RHB Benoît Vigneault 0-0: Fly out, F9 (Flyball, 9M)
Batting: RHB Aaron Murray 0-0: Ball
1-0: Swinging Strike
1-1: Ground out 3-1 (Groundball, 34)
Bottom of the 2nd over - 0 run(s), 0 hit(s), 0 error(s), 0 left on base; Arizona 2 - Illinois 0
TOP OF THE 3RD
Arizona Wildcats batting - Pitching for Illinois Fighting Illini : RHP Phil Lugo
Batting: SHB José Espinoza 0-0: Ball
1-0: Swinging Strike
1-1: Swinging Strike
1-2: Ball
2-2: Foul Ball, location: 2F
2-2: Strikes out looking
Batting: RHB Michael Tucker 0-0: Ball
1-0: Ball
2-0: Ball
3-0: Called Strike
3-1: Base on Balls
Batting: RHB Félix Gonzáles 0-0: Ball
1-0: Called Strike
1-1: Foul Ball, location: 2F
1-2: Foul Ball, location: 2F
1-2: Ball
2-2: Ball
3-2: SINGLE (Groundball, 56D)
Michael Tucker to second
Batting: LHB Bruce Foster 0-0: DOUBLE (Flyball, 89XD)
Michael Tucker scores
Félix Gonzáles to third
Batting: RHB Alvin Cates 0-0: Swinging Strike
0-1: Ball
1-1: Swinging Strike
1-2: Ball
2-2: Foul Ball, location: 2F
2-2: Foul Ball, location: 2F
2-2: Strikes out swinging
Batting: RHB Gordon Owens 0-0: Foul Ball, location: 2F
0-1: Ball
1-1: 3-RUN HOME RUN (Flyball, 8LXD), Distance : 394 ft
Batting: RHB Miguel Gonzáles 0-0: Called Strike
0-1: Ball
1-1: Ball
2-1: Swinging Strike
2-2: Ball
3-2: Ground out 6-3 (Groundball, 6)
Top of the 3rd over - 4 run(s), 3 hit(s), 0 error(s), 0 left on base; Arizona 6 - Illinois 0
BOTTOM OF THE 3RD
Illinois Fighting Illini batting - Pitching for Arizona Wildcats : RHP Carl Willis
Batting: RHB Gerald Davis 0-0: Ground out 4-3 (Groundball, 4M)
Batting: LHB Joe Alexander 0-0: Fly out, F7 (Flyball, 78M)
Batting: RHB David Ward 0-0: SINGLE (Flyball, 7S)
Batting: RHB Michael Jones 0-0: Fly out, F3 (Popup, 4MS)
Bottom of the 3rd over - 0 run(s), 1 hit(s), 0 error(s), 1 left on base; Arizona 6 - Illinois 0
TOP OF THE 4TH
Arizona Wildcats batting - Pitching for Illinois Fighting Illini : RHP Phil Lugo
Batting: RHB Gabriel Vázquez 0-0: Foul Ball, location: 2F
0-1: Swinging Strike
0-2: Ball
1-2: Foul Ball, location: 2F
1-2: Foul Ball, location: 2F
1-2: Ball
2-2: Strikes out swinging
Batting: RHB Jordan Moore 0-0: Ground out 4-3 (Groundball, 4)
Batting: SHB José Espinoza 0-0: Ball
1-0: Ball
2-0: Ball
3-0: Called Strike
3-1: Foul Ball, location: 2F
3-2: Foul Ball, location: 2F
3-2: Strikes out looking
Top of the 4th over - 0 run(s), 0 hit(s), 0 error(s), 0 left on base; Arizona 6 - Illinois 0
BOTTOM OF THE 4TH
Illinois Fighting Illini batting - Pitching for Arizona Wildcats : RHP Carl Willis
Batting: RHB Brandon Berry 0-0: Ball
1-0: Foul Ball, location: 2F
1-1: Swinging Strike
1-2: Strikes out swinging
Batting: RHB Buddy Griffin 0-0: Ball
1-0: Called Strike
1-1: Foul Ball, location: 2F
1-2: Foul Ball, location: 2F
1-2: Strikes out swinging
Batting: RHB Clinton Barton 0-0: Fly out, F4 (Popup, 4D)
Bottom of the 4th over - 0 run(s), 0 hit(s), 0 error(s), 0 left on base; Arizona 6 - Illinois 0
TOP OF THE 5TH
Arizona Wildcats batting - Pitching for Illinois Fighting Illini : RHP Phil Lugo
Batting: RHB Michael Tucker 0-0: Ball
1-0: Called Strike
1-1: Ball
2-1: Ball
3-1: Base on Balls
Pitching: RHP Lance Edgar
Batting: RHB Félix Gonzáles 0-0: Ball
1-0: Grounds into double play, 6-4-3 (Groundball, 6)
Batting: LHB Bruce Foster 0-0: Foul Ball, location: 2F
0-1: Ball
1-1: SOLO HOME RUN (Flyball, 7LD), Distance : 339 ft
Batting: RHB Alvin Cates 0-0: Called Strike
0-1: Swinging Strike
0-2: Strikes out looking
Top of the 5th over - 1 run(s), 1 hit(s), 0 error(s), 0 left on base; Arizona 7 - Illinois 0
BOTTOM OF THE 5TH
Illinois Fighting Illini batting - Pitching for Arizona Wildcats : RHP Carl Willis
Batting: RHB Benoît Vigneault 0-0: Ball
1-0: Foul Ball, location: 2F
1-1: Called Strike
1-2: Ball
2-2: Strikes out looking
Batting: RHB Aaron Murray 0-0: Ball
1-0: Ball
2-0: Foul Ball, location: 2F
2-1: Foul Ball, location: 2F
2-2: Strikes out swinging
Batting: RHB Gerald Davis 0-0: Bunt for hit - play at first, batter OUT! 2-3
Bottom of the 5th over - 0 run(s), 0 hit(s), 0 error(s), 0 left on base; Arizona 7 - Illinois 0
TOP OF THE 6TH
Arizona Wildcats batting - Pitching for Illinois Fighting Illini : RHP Lance Edgar
Batting: RHB Gordon Owens 0-0: Fly out, F6 (Popup, 6M)
Batting: RHB Miguel Gonzáles 0-0: Ball
1-0: Called Strike
1-1: Called Strike
1-2: Ball
2-2: Ball
3-2: Strikes out looking
Batting: RHB Gabriel Vázquez 0-0: Foul Ball, location: 2F
0-1: Fly out, F4 (Popup, 34)
Top of the 6th over - 0 run(s), 0 hit(s), 0 error(s), 0 left on base; Arizona 7 - Illinois 0
BOTTOM OF THE 6TH
Illinois Fighting Illini batting - Pitching for Arizona Wildcats : RHP Carl Willis
Batting: LHB Joe Alexander 0-0: Foul Ball, location: 2F
0-1: SINGLE (Flyball, 89S)
Batting: RHB David Ward 0-0: Grounds into double play, 6-4-3 (Groundball, 6)
Batting: RHB Michael Jones 0-0: Ball
1-0: Ball
2-0: Ball
3-0: Called Strike
3-1: Base on Balls
Batting: RHB Brandon Berry 0-0: Ball
1-0: Fly out, F9 (Flyball, 9M)
Bottom of the 6th over - 0 run(s), 1 hit(s), 0 error(s), 1 left on base; Arizona 7 - Illinois 0
TOP OF THE 7TH
Arizona Wildcats batting - Pitching for Illinois Fighting Illini : RHP Lance Edgar
Pitching: RHP Vicente Calderón
Batting: RHB Jordan Moore 0-0: Ground out 6-3 (Groundball, 6)
Batting: SHB José Espinoza 0-0: Ball
1-0: Swinging Strike
1-1: Called Strike
1-2: Strikes out looking
Batting: RHB Michael Tucker 0-0: Fly out, F8 (Flyball, 8RM)
Top of the 7th over - 0 run(s), 0 hit(s), 0 error(s), 0 left on base; Arizona 7 - Illinois 0
BOTTOM OF THE 7TH
Illinois Fighting Illini batting - Pitching for Arizona Wildcats : RHP Carl Willis
Batting: RHB Buddy Griffin 0-0: Ball
1-0: Foul Ball, location: 2F
1-1: Fly out, F4 (Popup, 8RS)
Batting: RHB Clinton Barton 0-0: Foul Ball, location: 2F
0-1: SINGLE (Line Drive, 8RS)
Batting: RHB Benoît Vigneault 0-0: Ball
Throwing error on steal attempt, E2
Clinton Barton to third
1-0: SINGLE (Line Drive, 4)
Clinton Barton scores
Batting: RHB Aaron Murray 0-0: Called Strike
0-1: Swinging Strike
0-2: Ball
1-2: Strikes out looking
Batting: RHB Gerald Davis 0-0: Ball
1-0: Ball
Benoît Vigneault steals 2nd base
2-0: Ball
3-0: Called Strike
3-1: SINGLE (Line Drive, 7S)
Benoît Vigneault to third
Runner from 3rd tries for Home, SAFE, no throw or cutoff
Batting: LHB Joe Alexander 0-0: Called Strike
0-1: Ball
1-1: Foul Ball, location: 2F
1-2: Ball
2-2: Fly out, F4 (Popup, 4MS)
Bottom of the 7th over - 2 run(s), 3 hit(s), 1 error(s), 1 left on base; Arizona 7 - Illinois 2
TOP OF THE 8TH
Arizona Wildcats batting - Pitching for Illinois Fighting Illini : RHP Vicente Calderón
Batting: RHB Félix Gonzáles 0-0: Called Strike
0-1: Fly out, F9 (Flyball, 9LM)
Batting: LHB Bruce Foster 0-0: Called Strike
0-1: Foul Ball, location: 2F
0-2: Ball
1-2: Strikes out swinging
Batting: RHB Alvin Cates 0-0: Ball
1-0: Called Strike
1-1: Ball
2-1: Foul Ball, location: 2F
2-2: Strikes out swinging
Top of the 8th over - 0 run(s), 0 hit(s), 0 error(s), 0 left on base; Arizona 7 - Illinois 2
BOTTOM OF THE 8TH
Illinois Fighting Illini batting - Pitching for Arizona Wildcats : RHP Carl Willis
Batting: RHB David Ward 0-0: Called Strike
0-1: Ball
1-1: Foul Ball, location: 2F
1-2: Strikes out swinging
Pitching: RHP Rob Stanley
Batting: RHB Michael Jones 0-0: Ball
1-0: Ball
2-0: Foul Ball, location: 2F
2-1: Swinging Strike
2-2: Strikes out swinging
Batting: RHB Brandon Berry 0-0: Called Strike
0-1: Ground out 6-3 (Groundball, 6)
Bottom of the 8th over - 0 run(s), 0 hit(s), 0 error(s), 0 left on base; Arizona 7 - Illinois 2
TOP OF THE 9TH
Arizona Wildcats batting - Pitching for Illinois Fighting Illini : RHP Vicente Calderón
Batting: RHB Gordon Owens 0-0: Ball
1-0: Ball
2-0: Called Strike
2-1: Ground out 6-3 (Groundball, 6)
Batting: RHB Miguel Gonzáles 0-0: Called Strike
0-1: Ball
1-1: Swinging Strike
1-2: Strikes out looking
Batting: RHB Gabriel Vázquez 0-0: Ball
1-0: Foul Ball, location: 2F
1-1: SINGLE (Flyball, 89S)
Batting: RHB Jordan Moore 0-0: Ball
1-0: Fly out, F9 (Popup, 4D)
Top of the 9th over - 0 run(s), 1 hit(s), 0 error(s), 1 left on base; Arizona 7 - Illinois 2
BOTTOM OF THE 9TH
Illinois Fighting Illini batting - Pitching for Arizona Wildcats : RHP Rob Stanley
Now at SS: Jake Brown
Batting: RHB Buddy Griffin 0-0: Ball
1-0: Ball
2-0: Foul Ball, location: 2F
2-1: SINGLE (Flyball, 8LS)
Batting: RHB Clinton Barton 0-0: Ball
1-0: Ball
2-0: Called Strike
2-1: Fly out, F4 (Line Drive, 4)
Batting: RHB Benoît Vigneault 0-0: Grounds into double play, 5-4-3 (Groundball, 5)
Bottom of the 9th over - 0 run(s), 1 hit(s), 0 error(s), 0 left on base; Arizona 7 - Illinois 2
This league is powered by Out of the Park Baseball, the baseball management simulation game for PC, Mac and Linux
Saturday, April 9th, 2016 - OOTP Baseball 16.8 Build 38